 Dungeon Crawl Stone Soup version 0.29-a0-275-g389c0b56f3 (webtiles) character file.

Game seed: 8620222166322095754

106 innerfire433 the Skirmisher (level 4, 0/37 HPs)
             Began as a Demonspawn Monk on Mar 12, 2022.
             Was an Elder of Vehumet.
             Slain by a hobgoblin
             ... wielding a +0 dagger
              (4 damage)
             ... on level 3 of the Dungeon.
             The game lasted 00:03:31 (1654 turns).

innerfire433 the Skirmisher (Demonspawn Monk)       Turns: 1654, Time: 00:03:32

Health: 0/37       AC:  5    Str: 13    XL:     4   Next: 55%
Magic:  4/4        EV: 11    Int: 12    God:    Vehumet [****..]
Gold:   214        SH:  0    Dex: 15    Spells: 3/3 levels left

rFire   . . .      SeeInvis .   d - +2 mace (drain)
rCold   . . .      Faith    .   (no shield)
rNeg    . . .      Spirit   .   i - +0 ring mail
rPois   .          Reflect  .   (helmet restricted)
rElec   .          Harm     .   (no cloak)
rCorr   .          Rampage  .   (no gloves)
Will    .....                   (no boots)
Stlth   ++........              (no amulet)
HPRegen 0.12/turn               (no ring)
MPRegen 0.09/turn               (no ring)

@: no status effects
A: antennae 1
a: Renounce Religion


You were on level 3 of the Dungeon.
You worshipped Vehumet.
Vehumet was greatly pleased with you.
You visited 1 branch of the dungeon, and saw 3 of its levels.

You collected 214 gold pieces.

Inventory:

Hand Weapons
 d - a +2 mace of draining (weapon)
Armour
 b - a +0 robe
 i - a +0 ring mail (worn)
Scrolls
 a - a scroll of teleportation {unknown}
 g - 2 scrolls of identify {unknown}
Potions
 c - a potion of ambrosia
 e - a potion of curing {unknown}
 f - a potion of might {unknown}
 h - a potion of invisibility {unknown}
 j - 2 potions of attraction {unknown}


   Skills:
 + Level 3.6 Fighting
 + Level 3.4 Maces & Flails
 + Level 3.3 Dodging
 + Level 2.8 Stealth


You had 3 spell levels left.
You didn't know any spells.
Your spell library was empty.

Dungeon Overview and Level Annotations

Branches:
Dungeon (3/15)

Altars:
Vehumet


Innate Abilities, Weirdness & Mutations

You have a pair of small antennae on your head.


Message History

a - a scroll labelled USIEQUTIOSM You now have 214 gold pieces (gained 23).
Items here: ( )))) [[ ††††.
A bat comes into view.
A bat is nearby!
You are too injured to fight recklessly!
The bat misses you.
You sock the bat!
You kill the bat!
Vehumet accepts your kill.
Vehumet is now extending the range of your destructive spells.
You are too injured to fight recklessly!
You are too injured to fight recklessly!
You are too injured to fight recklessly!
A hobgoblin comes into view. It is wielding a +0 flail.
You barely miss the rat. The rat barely misses you.
The rat bites you but does no damage.
You hit the rat.
The rat is severely wounded.
The rat bites you.
* * * LOW HITPOINT WARNING * * *
You hit the rat.
You kill the rat!
Vehumet accepts your kill.
A hobgoblin comes into view. It is wielding a +0 dagger.
The hobgoblin shouts!
The hobgoblin hits you with a +0 flail.
* * * LOW HITPOINT WARNING * * *
You hit the hobgoblin. You drain the hobgoblin.
You kill the hobgoblin!
Vehumet accepts your kill.
You see here a +0 flail.
The hobgoblin throws a stone.
The stone hits you.
* * * LOW HITPOINT WARNING * * *
You hit the hobgoblin.
The hobgoblin is moderately wounded.
The hobgoblin hits you with a +0 dagger.
* * * LOW HITPOINT WARNING * * *
The hobgoblin hits you with a +0 dagger.
You die...

##...)###.#.###.#
#..#.(###.#..##.#
##.....#...#.##.##.#
####..###..##.#.##.##.#
.....##.##.##.#)##.##.#
........#.##...##....#
###....##.(....####..#
##......#.........##..#
#.....@.).........##..#
##....g.#.........####†
###....##.###########.
........#... .........
.....##.##.###########.
...... ###..# #. ......
.## ## ...... .#


You could see a hobgoblin.

Vanquished Creatures
  An orc wizard (D:3)
  2 adders (D:3)
  A worm (D:2)
  2 dart slugs (D:2)
  2 orcs (D:3)
  2 ball pythons
  7 endoplasms
  3 goblins
  4 hobgoblins
  8 jackals
  2 quokkas
  3 bats
  5 frilled lizards
  5 kobolds
  3 rats
50 creatures vanquished.

Notes
Turn   | Place    | Note
-------+----------+-------------------------------------------
     0 | D:1      | innerfire433 the Demonspawn Monk began the quest for the
                  | Orb.
     0 | D:1      | Reached XP level 1. HP: 18/18 MP: 1/1
   245 | D:1      | Found a faded altar of an unknown god.
   269 | D:1      | Prayed at the altar of an unknown god.
   269 | D:1      | Became a worshipper of Vehumet
   269 | D:1      | Reached * piety under Vehumet
   269 | D:1      | Offered knowledge of Foxfire by Vehumet.
   269 | D:1      | Reached ** piety under Vehumet
   529 | D:1      | Offered knowledge of Shock by Vehumet.
   530 | D:1      | Gained mutation: You have a pair of small antennae on your
                  | head. [demonic ancestry]
   530 | D:1      | Reached XP level 2. HP: 20/24 MP: 2/2
   600 | D:1      | Reached *** piety under Vehumet
   733 | D:1      | Offered knowledge of Searing Ray by Vehumet.
   956 | D:2      | Reached XP level 3. HP: 27/29 MP: 3/3
   959 | D:2      | Offered knowledge of Airstrike by Vehumet.
  1410 | D:2      | You fall into a shaft and drop 1 floor!
  1607 | D:3      | Reached XP level 4. HP: 35/35 MP: 4/4
  1642 | D:3      | Reached **** piety under Vehumet
  1654 | D:3      | Slain by a hobgoblin

Illustrated notes

Levels and vault maps discovered:
D:1:      noname_arrival_rooms_in_the_neighbourhood, layout_rooms,
          hellmonk_ecumenical_altar_arch_garden
D:2:      layout_basic, hangedman_decor_growths
D:3:      layout_rooms, general_overflow_altar, minmay_three_crescents

Skill      XL: |  1  2 |
---------------+-------+-----
Stealth        | 2 |  2.8
Maces & Flails | 3 |  3.4
Dodging        | 3 |  3.3
Fighting       | |  3.6

Action                   |  1- 3 |  4- 6 || total
-------------------------+-------+-------++-------
Melee: Mace              |   100 |    23 ||   123
  Use: Potion            |     1 |       ||     1
 Stab: Sleeping          |     2 |       ||     2
Armor: Robe              |    10 |       ||    10
       Ring mail         |    14 |     7 ||    21
Dodge: Dodged            |    90 |     6 ||    96

Table legend: (Time is in decaauts)
 A = Elapsed time spent in this place.
 B = Non-inter-level travel time spent in this place.
 C = Inter-level travel time spent in this place.
 D = Time resting spent in this place.
 E = Time spent auto-exploring this place.
 F = Levels seen in this place.
 G = Mean time per level.
                   A        B        C        D        E       F      G
               +--------+--------+--------+--------+--------+-----+--------+
         Total |   1683 |   1674 |      9 |      0 |   1297 |   3 |  561.0 |
       Dungeon |   1683 |   1674 |      9 |      0 |   1297 |   3 |  561.0 |
               +--------+--------+--------+--------+--------+-----+--------+

Top non-repeatable levels by time:
     D:1: 940 daAuts
     D:2: 488 daAuts
     D:3: 254 daAuts
